 Dungeon Crawl Stone Soup version 0.32-a0-136-gc02482bde3 (webtiles) character file.

Game seed: 10478395593013217645

32 SmokeWeed the Ducker (level 3, 0/25 HPs)
             Began as a Djinni Hedge Wizard on Feb 10, 2024.
             Slain by a hobgoblin (5 damage)
             ... on level 2 of the Dungeon.
             The game lasted 00:03:00 (801 turns).

SmokeWeed the Ducker (Djinni Hedge Wizard)           Turns: 801, Time: 00:03:00

Health: 0/25       AC:  2    Str:  9    XL:     3   Next: 42%
Gold:   95         EV: 12    Int: 17    God:
                   SH:  0    Dex: 12

rFire   + + .        a - +0 dagger
rCold   x . .        (no shield)
rNeg    . . .        b - +0 robe
rPois   ∞            c - +0 hat
rElec   .            (no cloak)
rCorr   .            (no gloves)
SInv    .            (boots unavailable)
Will    .....        (no amulet)
Stlth   ++           (no ring)
HPRegen 0.24/turn    (no ring)
MPRegen 0.00/turn

%: infuse magic (-1 HP)
@: flying
A: sickness immunity, fire resistance 2, cold vulnerability 1, float, innate
caster, HP casting, extra vitality 1
a: no special abilities


You were on level 2 of the Dungeon.
You visited 1 branch of the dungeon, and saw 2 of its levels.

You collected 95 gold pieces.

Inventory:

Hand Weapons
 a - a +0 dagger (weapon)
Armour
 b - a +0 robe (worn)
 c - a +0 hat (worn)
Scrolls
 d - 2 scrolls of immolation
 f - a scroll of identify
 g - a scroll of vulnerability {unknown}
Potions
 e - a potion of magic {unknown}
 h - a potion of mutation {unknown}
 i - 2 potions of might {unknown}
 j - a potion of curing {unknown}


   Skills:
 + Level 3.1 Dodging
 + Level 2.3 Stealth
 + Level 3.0 Spellcasting
 + Level 3.0 Conjurations
 + Level 3.0 Hexes
 + Level 3.0 Summonings
 + Level 3.0 Necromancy
 + Level 3.0 Translocations
 + Level 3.0 Fire Magic
 + Level 3.0 Ice Magic
 + Level 3.0 Air Magic
 + Level 3.0 Earth Magic
 + Level 3.0 Alchemy


You knew the following spells:

 Your Spells              Type           Power      Damage    Failure   Level
a - Magic Dart            Conj           52%        1d5       4%          1
b - Slow                  Hex            52%        N/A       4%          1
c - Blink                 Tloc           26%        N/A       8%          2
d - Call Imp              Summ           26%        N/A       8%          2
e - Mephitic Cloud        Conj/Alch/Air  13%        N/A       16%         3
f - Sandblast             Erth           26%        2d8       4%          1
Your spell library was empty.

Dungeon Overview and Level Annotations

Branches:
Dungeon (2/15)

Altars:


Innate Abilities, Weirdness & Mutations

You are immune to sickness and miasma.
You are immune to poison.
Your flesh is very heat resistant. (rF++)
You are vulnerable to cold. (rC-)
You float through the air rather than walking.
You learn spells naturally, not from books.
Your magical power is your life essence.
You have superior vitality. (+4 MHP)


Message History

Aim: an orc, wielding a +0 whip (heavily wounded, chance to affect: 96%)
The ball explodes into a vile cloud!
The stinking cloud engulfs the orc.
The orc is heavily wounded.
The stinking cloud engulfs the orc wizard.
The goblin shouts!
You hear an angry hiss.
You hear a shout!
The orc is engulfed in noxious fumes.
The orc appears confused.
The orc wizard gestures wildly while chanting.
The orc wizard flickers and vanishes!
Deactivating autopickup; reactivate with Ctrl-A.
Found a stone staircase leading down.
The orc wizard shouts!
The orc is engulfed in noxious fumes.
The orc appears confused.
The hobgoblin hits you. The hobgoblin barely misses you.
The orc wizard casts a spell.
The orc wizard flickers and vanishes!
The goblin barely misses you. The goblin completely misses you.
The goblin closely misses you.
Found 12 gold pieces.
The hobgoblin misses you.
A kobold comes into view. It is wielding a +0 whip.
Something hits you.
* * * LOW HITPOINT WARNING * * *
The orc hits the hobgoblin with a +0 whip.
The orc barely misses itself.
The hobgoblin attacks as it pursues you!
The hobgoblin barely misses you. Something hits you.
* * * LOW HITPOINT WARNING * * *
The orc wonders, "What am I doing in here?"
Something hits you.
* * * LOW HITPOINT WARNING * * *
Something hits you.
* * * LOW HITPOINT WARNING * * *
The hobgoblin attacks as it pursues you!
The hobgoblin barely misses you. The kobold attacks as it pursues you!
The kobold closely misses you.
You hear some strange, mumbled words.
Something tries to affect you, but you resist.
The hobgoblin hits you.
You die...

#. #.# #....# #.#
#..#.# #.# #.....
#.####.##.#
#....#.##.# .
##......##.#####...
###.o......{.@......#
#.........ogg......##
#...........K...#.###
#..........#.#.## +
#.#...........##
#.##..>.(###.#.#
#{###>....##.##.#
#.####.#..##.. ...
#...)<.#....... .#


You could see an orc, a hobgoblin, a goblin and a kobold.

Vanquished Creatures
  An orc (D:2)
  5 ball pythons
  An endoplasm (D:1)
  2 giant cockroaches (D:1)
  6 goblins
  A hobgoblin (D:1)
  2 kobolds (D:1)
  A quokka (D:1)
  2 bats (D:1)
  A frilled lizard (D:1)
  4 rats (D:1)
26 creatures vanquished.

Notes
Turn   | Place    | Note
-------+----------+-------------------------------------------
     0 | D:1      | SmokeWeed the Djinni Hedge Wizard began the quest for the
                  | Orb.
     0 | D:1      | SmokeWeed set off with the following spells memorised:
                  | Magic Dart, Slow, Blink, Call Imp, Mephitic Cloud.
     0 | D:1      | Reached XP level 1. HP: 15/15 MP: 0/0
   110 | D:1      | Reached XP level 2. HP: 19/21 MP: 0/0
   397 | D:1      | Reached XP level 3. HP: 24/25 MP: 0/0
   397 | D:1      | Learned a level 1 spell: Sandblast
   801 | D:2      | Slain by a hobgoblin

Illustrated notes

Levels and vault maps discovered:
D:1:      roadster_arrival_rocket_large, layout_rooms, serial_forest,
          infiniplex_forest_lined_room_2, infiniplex_forest_straight_4,
          infiniplex_forest_clump_tiny, infiniplex_forest_side_room,
          infiniplex_forest_lined_room_, infiniplex_forest_clump_double,
          infiniplex_forest_clump_medium, infiniplex_forest_zigzag_1,
          infiniplex_forest_lined_room_
D:2:      layout_loops_ring, serial_shops, shop, shop,
          nicolae_shop_real_fake_doors, nicolae_diamond_shop,
          nicolae_diamond_shop, serial_forest, infiniplex_forest_lined_2,
          infiniplex_forest_straight_4, infiniplex_forest_pool,
          infiniplex_forest_clump_large, uniq_natasha

Skill      XL: |  1  2 |
---------------+-------+-----
Stealth        | 2 |  2.3
Dodging        | 3 |  3.1
Spellcasting   | |  3.0
Conjurations   | |  3.0
Hexes          | |  3.0
Summonings     | |  3.0
Necromancy     | |  3.0
Translocations | |  3.0
Fire Magic     | |  3.0
Ice Magic      | |  3.0
Air Magic      | |  3.0
Earth Magic    | |  3.0
Alchemy        | |  3.0

Action                     || total
---------------------------++-------
   Cast: Magic Dart        ||    39
         Sandblast         ||    15
         Mephitic Cloud    ||     1
    Use: Scroll            ||     2
 Armour: Robe              ||    11
  Dodge: Dodged            ||    15

Table legend: (Time is in decaauts)
 A = Elapsed time spent in this place.
 B = Non-inter-level travel time spent in this place.
 C = Inter-level travel time spent in this place.
 D = Time resting spent in this place.
 E = Time spent auto-exploring this place.
 F = Levels seen in this place.
 G = Mean time per level.
                   A        B        C        D        E       F      G
               +--------+--------+--------+--------+--------+-----+--------+
         Total |    808 |    797 |     11 |      0 |    627 |   2 |  404.0 |
       Dungeon |    808 |    797 |     11 |      0 |    627 |   2 |  404.0 |
               +--------+--------+--------+--------+--------+-----+--------+

Top non-repeatable levels by time:
     D:1: 771 daAuts
     D:2: 36 daAuts
